 Dungeon Crawl Stone Soup version 0.21.1-1-g345015fe64 (webtiles) character file.

110 HessuHobo the Slasher (level 4, 0/35 (37) HPs)
             Began as a Ghoul Skald on May 26, 2018.
             Slain by a gnoll
             ... wielding a +0 club
              (4 damage)
             ... on level 3 of the Dungeon.
             The game lasted 00:06:29 (2088 turns).

HessuHobo the Slasher (Ghoul Skald)                 Turns: 2088, Time: 00:06:30

HP:   0/35 (37)     AC:  3    Str: 14    XL:     4   Next: 91%
MP:   6/6           EV: 11    Int:  8    God:
Gold: 92            SH:  3    Dex:  9    Spells: 4/7 levels left

rFire    . . .     SeeInvis +   a - +1 falchion
rCold    + . .     Gourm    .   (no shield)
rNeg     + + +     Faith    .   b - +0 leather armour
rPois    ∞         Spirit   .   (no helmet)
rElec    .         Reflect  +   (no cloak)
rCorr    .         Harm     .   (no gloves)
MR       .....                  (no boots)
Stlth    +.........             q - +3 amulet of reflection
HPRegen  0.00/turn              i - ring of see invisible
MPRegen  0.10/turn              (no ring)

@: rotting
A: rotting body, claws 1, carnivore, cold resistance 1, negative energy
resistance 3, inhibited regeneration, torment resistance, unbreathing
a: no special abilities


You were on level 3 of the Dungeon.
You were not hungry.

You visited 1 branch of the dungeon, and saw 3 of its levels.

You collected 92 gold pieces.

Inventory:

Hand Weapons
 a - a +1 falchion (weapon)
 m - a +2 whip of freezing
 n - a +0 rapier
Armour
 b - a +0 leather armour (worn)
 j - a cursed +0 helmet
Jewellery
 i - a ring of see invisible (left claw)
 q - a +3 amulet of reflection (around neck)
Scrolls
 g - 2 scrolls of remove curse
 k - 4 scrolls of teleportation
 o - a scroll of enchant weapon
Potions
 l - 3 potions of curing
Books
 c - a book of Battle

   Spells                             Type                      Level
   a - Infusion                       Charms                       1
   b - Shroud of Golubria             Charms/Translocation         2
   c - Song of Slaying                Charms                       2
   d - Spectral Weapon                Hexes/Charms                 3
   e - Regeneration                   Charms/Necromancy            3
Comestibles
 d - 4 rations


   Skills:
 + Level 2.4 Fighting
 * Level 3.4 Long Blades
 + Level 1.6 Armour
 - Level 1.7 Dodging
 + Level 2.2 Spellcasting
 + Level 3.0 Charms


You had 4 spell levels left.
You knew the following spells:

 Your Spells              Type           Power        Failure   Level  Hunger
a - Infusion              Chrm           #...         12%         1    ##.....
b - Song of Slaying       Chrm           #.......     19%         2    ###....


Dungeon Overview and Level Annotations

Branches:
Dungeon (3/15)

Altars:

Portals:
Sewer: D:3


Innate Abilities, Weirdness & Mutations

Your body is rotting away.
You thrive on raw meat.
You are immune to poison.
You have sharp fingernails.
You are carnivorous and can eat meat at any time.
Your flesh is cold resistant. (rC+)
You are immune to negative energy. (rN+++)
You do not regenerate when monsters are visible.
You are immune to unholy pain and torment.
You can survive without breathing.


Message History

You start resting.
A gnoll comes into view. It is wielding a club.
Wield which item (- for none, * to show all)? (? for menu, Esc to quit)
Okay, then.
As you read the scroll of identify, it crumbles to dust.
f - a cursed -1 long sword The gnoll throws a stone.
The stone barely misses you.
You hear a splash.
Drop what? 14/52 slots (_ for help) (? for menu, Esc to quit)
You drop a cursed -1 long sword.
The gnoll throws a stone.
The stone hits you.
Okay, then.
You feel better.
The gnoll throws a stone.
The stone barely misses you.
The gnoll throws a stone.
You reflect the stone off an invisible shield around you!
The stone closely misses the gnoll.
The gnoll hits you with a club.
* * * LOW HITPOINT WARNING * * *
You hit the gnoll but do no damage. The gnoll hits you with a club.
You die...

############
#(.........#
#..........#
##..........#######
'..........†...[..
#g.........#######
#@.........#
#..........##
##...........#
#...(.....≈..#
#.##≈†≈≈≈##..# #.
#≈≈≈≈≈##..# #
#.≈≈.(...≈≈..# #
#.≈≈.....≈≈..# #
#.≈≈..∩......# #


You could see a gnoll.

Vanquished Creatures
  Jessica (D:2)
  Terence (D:2)
  An adder (D:3)
  3 worms
  A dart slug (D:1)
  A leopard gecko (D:3)
  4 bats
  2 giant cockroaches
  4 goblins
  3 hobgoblins (D:1)
  3 jackals (D:3)
  4 kobolds
  2 quokkas
  4 ball pythons
  A frilled lizard (D:3)
  4 rats
39 creatures vanquished.

Notes
Turn   | Place    | Note
-------+----------+-------------------------------------------
     0 | D:1      | HessuHobo the Ghoul Skald began the quest for the Orb.
     0 | D:1      | Reached XP level 1. HP: 17/17 MP: 2/2
    75 | D:1      | Reached XP level 2. HP: 15/24 MP: 4/4
   161 | D:1      | Learned a level 2 spell: Song of Slaying
   644 | D:1      | Reached skill level 1 in Armour
   890 | D:2      | Reached XP level 3. HP: 13/27 MP: 2/5
  1161 | D:2      | Noticed Terence
  1168 | D:2      | Killed Terence
  1317 | D:2      | Noticed Jessica
  1322 | D:2      | Killed Jessica
  1322 | D:2      | Reached XP level 4. HP: 28/34 MP: 6/6
  2012 | D:3      | Found a glowing drain.
  2088 | D:3      | Slain by a gnoll

Skill      XL: |  1  2  3 |
---------------+----------+-----
Spellcasting   | 2 |  2.2
Long Blades    | 2 3 |  3.4
Armour         | 1 |  1.6
Charms         | 3 |  3.0
Fighting       | |  2.4
Dodging        | |  1.7

Action                   |  1- 3 |  4- 6 || total
-------------------------+-------+-------++-------
Melee: Falchion          |    64 |    88 ||   152
 Cast: Song of Slaying   |     2 |     2 ||     4
       Infusion          |     1 |       ||     1
  Use: Scroll            |     3 |     5 ||     8
       Potion            |       |     4 ||     4
  Eat: Chunk             |       |     3 ||     3
       Ration            |       |     1 ||     1
Armor: Leather armour    |    12 |    43 ||    55
Dodge: Dodged            |    43 |    79 ||   122
Block: Other             |       |    15 ||    15
       Reflection        |       |     1 ||     1
       Rpst.: Falchion   |    12 |    16 ||    28
